 Dungeon Crawl Stone Soup version 0.30-a0-618-gd6c86c23d0 (webtiles) character file.

Game seed: 11551729455783364064

254 Leeroy the Cutter (level 6, -13/44 HPs)
             Began as a Merfolk Artificer on Jan 9, 2023.
             Mangled by a gnoll
             ... wielding a +0 flail
              (14 damage)
             ... on level 3 of the Dungeon.
             The game lasted 00:02:02 (1639 turns).

Leeroy the Cutter (Merfolk Artificer)               Turns: 1639, Time: 00:02:02

Health: -13/44     AC:  3    Str: 12    XL:     6   Next: 14%
Magic:  6/6        EV: 12    Int: 10    God:
Gold:   122        SH:  4    Dex: 17    Spells: 5/5 levels left

rFire   . . .      SeeInvis .    f - +0 rapier
rCold   . . .      Faith    .    l - +0 buckler
rNeg    . . .      Spirit   .    b - +0 leather armour
rPois   .          Reflect  .    (no helmet)
rElec   .          Harm     .    (no cloak)
rCorr   .          Rampage  .    (no gloves)
Will    .....                    (no boots)
Stlth   ++                       (no amulet)
HPRegen 0.27/turn                (no ring)
MPRegen 0.10/turn                (no ring)

@: no status effects
A: (nimble swimmer 2), mertail
a: no special abilities


You were on level 3 of the Dungeon.
You visited 1 branch of the dungeon, and saw 3 of its levels.

You collected 122 gold pieces.

Inventory:

Hand Weapons
 f - a +0 rapier (weapon)
Armour
 b - a +0 leather armour (worn)
 l - a +0 buckler (worn)
Wands
 c - a wand of flame (15) (quivered)
 d - a wand of charming (15)
 e - a wand of iceblast (5)
Scrolls
 g - a scroll of teleportation {unknown}
 j - 2 scrolls of identify {unknown}
 k - a scroll of noise {unknown}
Potions
 a - a potion of flight {unknown}
 h - 2 potions of mutation {unknown}
 i - 6 potions of heal wounds {unknown}
 m - a potion of curing {unknown}


   Skills:
 - Level 1.8 Fighting
 * Level 6.2 Short Blades
 - Level 0.6 Armour
 - Level 2.6 Dodging
 - Level 1.1 Stealth
 * Level 1.9 Shields
 - Level 3.0 Evocations


You had 5 spell levels left.
You didn't know any spells.
Your spell library contained the following spells:

 Spells                   Type           Power      Damage    Failure   Level
 Magic Dart               Conj           0%         1d3       54%         1
 Slow                     Hex            0%         N/A       54%         1
 Call Imp                 Summ           0%         N/A       69%         2
 Confusing Touch          Hex            0%         N/A       89%         3
 Mephitic Cloud           Conj/Pois/Air  0%         N/A       89%         3
 Summon Guardian Golem    Hex/Summ       0%         N/A       89%         3
 Vampiric Draining        Necr           0%         2d6       89%         3
 Orb of Destruction       Conj           0%         9d5       100%        7
 Spellforged Servitor     Conj/Summ      0%         N/A       100%        7


Dungeon Overview and Level Annotations

Branches:
Dungeon (3/15)

Altars:

Shops:
D:3 (


Innate Abilities, Weirdness & Mutations

((You are very nimble when in or above water. (Stealth+, EV+, Speed+++)))
Your lower body shifts to a powerful aquatic tail in water.


Message History

You block the rat's attack.
You hit the gnoll.
The gnoll is moderately wounded.
The rat closely misses you. You block the gnoll's attack.
The gnoll hits you from afar with a +0 spear.
You are too injured to fight recklessly!
You are too injured to fight recklessly!
You are too injured to fight recklessly!
You are too injured to fight recklessly!
You are too injured to fight recklessly!
You hit the gnoll.
The gnoll is heavily wounded.
The gnoll hits you with a +0 flail.
The gnoll hits you from afar with a +0 spear.
* * * LOW HITPOINT WARNING * * *
You block the rat's attack. You block the gnoll's attack.
You hit the gnoll.
The gnoll is severely wounded.
You block the gnoll's attack. The gnoll hits you but does no damage.
You block the rat's attack. The gnoll barely misses you.
You barely miss the gnoll.
The gnoll is severely wounded.
The gnoll barely misses you. The rat closely misses you.
The gnoll hits you with a +0 club.
* * * LOW HITPOINT WARNING * * *
The gnoll misses you.
You hit the gnoll.
You kill the gnoll!
The gnoll barely misses you. The rat closely misses you.
The gnoll barely misses you. The rat attacks as you move away!
You block the rat's attack. The rat attacks as you move away!
The rat bites you.
* * * LOW HITPOINT WARNING * * *
The gnoll attacks as you move away! The gnoll hits you with a +0 flail!
* * * LOW HITPOINT WARNING * * *
You barely miss the gnoll. You hit the gnoll.
The gnoll is lightly wounded.
The gnoll hits you with a +0 flail!
You die...

# ### #### .. #.. ..#
.. #.# #.# ###.##
#.####.## .....#
#.##....####.....#
#####.##......@gr....#
#...........#†##r.../..
###.###......##.#
.....##
#......########.#
##.### #.#.##.# #.# .#
....##.# ..$ . ....##.#
#.# . ...###.# ..# ..
.#####.#


You could see a gnoll and 2 rats.

Vanquished Creatures
  Sigmund (D:3)
  2 gnolls
  3 adders (D:2)
  A worm (D:3)
  2 dart slugs (D:1)
  A bat (D:1)
  2 endoplasms
  A giant cockroach (D:1)
  5 goblins
  3 hobgoblins
  2 jackals (D:1)
  2 kobolds (D:2)
  2 ball pythons
  3 frilled lizards
  2 rats (D:2)
32 creatures vanquished.

Notes
Turn   | Place    | Note
-------+----------+-------------------------------------------
     0 | D:1      | Leeroy the Merfolk Artificer began the quest for the Orb.
     0 | D:1      | Reached XP level 1. HP: 15/15 MP: 1/1
    65 | D:1      | Noticed a shining eye
    71 | D:1      | Reached skill level 1 in Short Blades
   114 | D:1      | Found a faded altar of an unknown god.
   117 | D:1      | Noticed a great orb of eyes
   117 | D:1      | Noticed an eye of devastation
   117 | D:1      | Noticed a golden eye
   173 | D:1      | Reached XP level 2. HP: 21/21 MP: 2/2
   183 | D:1      | Reached skill level 2 in Short Blades
   451 | D:1      | Reached XP level 3. HP: 20/26 MP: 3/3
   798 | D:2      | Reached skill level 3 in Short Blades
   985 | D:2      | Reached XP level 4. HP: 26/33 MP: 4/4
   987 | D:2      | Reached skill level 4 in Short Blades
  1501 | D:3      | Noticed Sigmund
  1520 | D:3      | Killed Sigmund
  1521 | D:3      | Reached skill level 6 in Short Blades
  1521 | D:3      | Reached skill level 1 in Shields
  1521 | D:3      | Reached XP level 5. HP: 30/38 MP: 5/5
  1521 | D:3      | Reached XP level 6. HP: 35/44 MP: 6/6
  1570 | D:3      | Found Ryeshrey's Weapon Shoppe.
  1637 | D:3      | HP: 1/44 [gnoll/+0 flail (8)]
  1639 | D:3      | Mangled by a gnoll

Illustrated notes

Levels and vault maps discovered:
D:1:      sevenhm_arrival_forest_fort_small_3, layout_basic,
          hellmonk_ecumenical_altar_watching_god
D:2:      layout_loops_ring
D:3:      layout_loops_cross, serial_shops, nicolae_square_shop,
          hellmonk_ghost_happy_afterlife, uniq_sigmund, uniq_crazy_yiuf_cottage

Skill      XL: |  1  2  3  4 |
---------------+-------------+-----
Short Blades   | 1 2 3 6 |  6.2
Shields        | 1 |  1.9
Fighting       | |  1.8
Armour         | |  0.6
Dodging        | |  2.6
Stealth        | |  1.1
Evocations     | |  3.0

Action                   |  1- 3 |  4- 6 || total
-------------------------+-------+-------++-------
Melee: Rapier            |    68 |    62 ||   130
       Punch             |     1 |       ||     1
 Stab: Sleeping          |       |     1 ||     1
Armor: Leather armour    |    22 |     8 ||    30
Dodge: Dodged            |    49 |    34 ||    83
Block: Buckler           |     8 |    16 ||    24

Table legend: (Time is in decaauts)
 A = Elapsed time spent in this place.
 B = Non-inter-level travel time spent in this place.
 C = Inter-level travel time spent in this place.
 D = Time resting spent in this place.
 E = Time spent auto-exploring this place.
 F = Levels seen in this place.
 G = Mean time per level.
                   A        B        C        D        E       F      G
               +--------+--------+--------+--------+--------+-----+--------+
         Total |   1643 |   1582 |     61 |      0 |   1321 |   3 |  547.7 |
       Dungeon |   1643 |   1582 |     61 |      0 |   1321 |   3 |  547.7 |
               +--------+--------+--------+--------+--------+-----+--------+

Top non-repeatable levels by time:
     D:1: 782 daAuts
     D:2: 724 daAuts
     D:3: 137 daAuts
